 Dungeon Crawl Stone Soup version 0.32-a0-918-g0f22ef8d61 (webtiles) character file.

Game seed: 14726156506527475005

290336 hattop the Bludgeoner (level 19, -16/179 HPs)
             Began as a Mountain Dwarf Gladiator on Apr 10, 2024.
             Was an Elder of Yredelemnul.
             Demolished by a reaper
             ... wielding a +4 scythe of freezing
              (20 damage)
             ... on level 4 of the Abyss on Apr 11, 2024.
             The game lasted 02:01:34 (31151 turns).

hattop the Bludgeoner (Mountain Dwarf Gladiator)   Turns: 31151, Time: 02:01:34

Health: -16/179    AC: 30    Str: 32    XL:     19   Next: 93%
Magic:  25/31      EV: 18    Int: 10    God:    Yredelemnul [****..]
Gold:   2676       SH:  5    Dex: 13    Spells: 3/23 levels left

rFire   . . .        w - +3 great mace (heavy)
rCold   + + .        (shield currently unavailable)
rNeg    + . .        X - +4 ice dragon scales
rPois   .            z - +0 helmet of the Ego {rF+ rN+ Str+3}
rElec   .            b - +2 cloak {Will+}
rCorr   .            O - +2 pair of gloves
SInv    +            H - +2 pair of boots {rampage}
Will    ++...        F - amulet of reflection Stlth
                     I - +5 ring of evasion
HPRegen 0.00/turn    S - ring "Seobrig" {Str+3 Int+2 Dex+2 SInv}
MPRegen 0.22/turn

%: reflection, rampage
@: about to teleport, sick, enshackling, wreathed by umbra, studying 2 skills
A: runic magic, artefact enchanting
}: 2/15 runes: decaying, gossamer
a: Renounce Religion, Light the Black Torch, Recall Undead Harvest, Hurl
Torchlight, Bind Soul


You were on level 4 of the Abyss.
You worshipped Yredelemnul.
Yredelemnul was most pleased with you.
You visited 6 branches of the dungeon, and saw 33 of its levels.
You visited the Abyss 1 time.
You visited 1 bazaar.
You also visited: Sewer.

You collected 4156 gold pieces.
You spent 1480 gold pieces at shops.

Inventory:

Hand Weapons
 w - a +3 heavy great mace (weapon)
 P - the +1 trident of Zecoileo {flame, *Rage rElec rF+++ Stlth-}
   (You found it on level 15 of the Dungeon)

   rF+++:     It renders you almost immune to fire.
   rElec:     It insulates you from electricity.
   *Rage:     It berserks you when you make melee attacks (+20% chance).
   Stlth-:    It makes you less stealthy.
Missiles
 d - 4 throwing nets (quivered)
 e - 5 javelins
 r - 67 poisoned darts
 W - 18 curare-tipped darts
Armour
 b - a +2 cloak of willpower (worn)
 z - the +0 helmet of the Ego (worn) {rF+ rN+ Str+3}
   (You acquired it on level 1 of the Spider Nest)

   Str+3:     It affects your strength (+3).
   rF+:       It protects you from fire.
   rN+:       It protects you from negative energy.
 C - the +1 helmet "Duilu" {rPois Stlth+}
   (You acquired it on level 12 of the Dungeon)

   rPois:     It protects you from poison.
   Stlth+:    It makes you more stealthy.
 H - a +2 pair of boots of rampaging (worn)
 K - the +5 ring mail "Ususmumi" {^Drain Regen+ Dex+5}
   (You found it on level 6 of the Dungeon)

   Dex+5:     It affects your dexterity (+5).
   Regen+:    It increases your rate of health regeneration.
   ^Drain:    It drains your maximum health when unequipped.
 N - a +2 hat of willpower
 O - a +2 pair of gloves (worn)
 X - +4 ice dragon scales (worn)
Jewellery
 f - a ring of positive energy
 l - a ring of protection from cold
 m - a ring of magical power
 u - a ring of wizardry
 y - a ring of willpower
 D - a ring of fire
 E - a +6 ring of dexterity
 F - an amulet of reflection (around neck)
 I - a +5 ring of evasion (left hand)
 J - a ring of resist corrosion
 L - a +6 ring of intelligence
 Q - an amulet of regeneration
 R - the amulet "Wek Soyn" {Acrobat Harm rC- Int+2 Dex+3}
   (You found it on level 10 of the Dungeon)

   [amulet of the acrobat]

   Acrobat:   It increases your evasion while moving and waiting.
   Int+2:     It affects your intelligence (+2).
   Dex+3:     It affects your dexterity (+3).
   rC-:       It makes you vulnerable to cold.
   Harm:      It increases damage dealt and taken.
 S - the ring "Seobrig" (right hand) {Str+3 Int+2 Dex+2 SInv}
   (You found it on level 9 of the Dungeon)

   [ring of see invisible]

   Str+3:     It affects your strength (+3).
   Int+2:     It affects your intelligence (+2).
   Dex+2:     It affects your dexterity (+2).
   SInv:      It lets you see invisible.
Wands
 a - a wand of polymorph (14)
 i - a wand of quicksilver (12)
 k - a wand of flame (42)
 t - a wand of paralysis (19)
 x - a wand of mindburst (26)
 T - a wand of iceblast (19)
Scrolls
 c - a scroll of poison
 h - 7 scrolls of fog
 v - 14 scrolls of teleportation
 A - 7 scrolls of revelation
 M - 4 scrolls of fear
 V - 2 scrolls of silence
 Y - 6 scrolls of amnesia
Potions
 g - 8 potions of haste
 j - a potion of resistance
 o - 4 potions of lignification
 p - 12 potions of curing
 q - 4 potions of cancellation
 s - 11 potions of enlightenment
 B - 3 potions of mutation
 G - 5 potions of might
 U - a potion of invisibility
Miscellaneous
 Z - a lightning rod (3/4)


   Skills:
 - Level 18.2 Fighting
 - Level 11.9(16.7) Axes
 - Level 18.7(20.0) Maces & Flails
 - Level 12.0 Throwing
 - Level 13.5 Armour
 - Level 10.0 Dodging
 - Level 2.5 Spellcasting
 - Level 9.0 Necromancy
 + Level 10.0 Translocations
 - Level 16.0 Invocations


You had 3 spell levels left.
You knew the following spells:

 Your Spells              Type           Power      Damage    Failure   Level
a - Maxwell's Portable P  Tloc           21%        2d(7-19)  1%          3
b - Passage of Golubria   Tloc           21%        N/A       5%          4
c - Vampiric Draining     Necr           19%        2d7       2%          3
d - Fugue of the Fallen   Necr           19%        N/A       2%          3
e - Manifold Assault      Tloc           10%        N/A       99%         7

Your spell library contained the following spells:

 Spells                   Type           Power      Damage    Failure   Level
 Apportation              Tloc           42%        N/A       1%          1
 Necrotise                Necr           76%        1d7       1%          1
 Blink                    Tloc           42%        N/A       1%          2
 Cigotuvi's Dreadful Rot  Necr/Alch/Air  14%        N/A       16%         2
 Freeze                   Ice            4%         1d3       34%         1
 Magic Dart               Conj           4%         1d3       34%         1
 Sandblast                Erth           2%         2d4       34%         1
 Slow                     Hex            4%         N/A       34%         1
 Sting                    Conj/Alch      4%         1d3       34%         1
 Summon Small Mammal      Summ           4%         N/A       34%         1
 Call Imp                 Summ           2%         N/A       45%         2
 Ensorcelled Hibernation  Hex/Ice        2%         N/A       45%         2
 Static Discharge         Conj/Air       2%         3-4/arc   45%         2
 Call Canine Familiar     Summ           1%         N/A       71%         3
 Frozen Ramparts          Ice            2%         1d1       71%         3
 Hailstorm                Conj/Ice       1%         3d5       71%         3
 Inner Flame              Hex/Fire       1%         N/A       71%         3
 Ozocubu's Armour         Ice            1%         N/A       71%         3
 Sigil of Binding         Hex            1%         N/A       71%         3
 Stone Arrow              Conj/Erth      2%         3d7       71%         3
 Summon Ice Beast         Ice/Summ       1%         N/A       71%         3
 Tukima's Dance           Hex            1%         N/A       71%         3
 Dispel Undead            Necr           19%        3d11      9%          4
 Dimensional Bullseye     Hex/Tloc       5%         N/A       41%         4
 Martyr's Knell           Necr/Summ      10%        N/A       47%         4
 Airstrike                Air            0%         2d(1-17)  98%         4
 Brom's Barrelling Bould  Conj/Erth      1%         2d3       98%         4
 Ignite Poison            Fire/Alch      1%         N/A       98%         4
 Leda's Liquefaction      Alch/Erth      0%         N/A       98%         4
 Petrify                  Alch/Erth      1%         N/A       98%         4
 Sticky Flame             Fire/Alch      1%         2d4       98%         4
 Summon Blazeheart Golem  Fire/Summ      1%         N/A       98%         4
 Summon Lightning Spire   Summ/Air       1%         N/A       98%         4
 Arcjolt                  Conj/Air       0%         1d10      100%        5
 Freezing Cloud           Conj/Ice/Air   0%         6-21      100%        5
 Irradiate                Conj/Alch      0%         3d11      100%        5
 Metabolic Englaciation   Hex/Ice        0%         N/A       100%        5
 Silence                  Hex/Air        0%         N/A       100%        5
 Summon Mana Viper        Hex/Summ       1%         N/A       100%        5
 Yara's Violent Unravell  Hex/Alch       0%         3d3       100%        5
 Monstrous Menagerie      Summ           0%         N/A       100%        7
 Orb of Destruction       Conj           0%         9d5       100%        7
 Spellforged Servitor     Conj/Summ      0%         N/A       100%        7
 Borgnjor's Revivificati  Necr           9%         N/A       100%        8
 Ignition                 Fire           0%         3d3       100%        8
 Lehudib's Crystal Spear  Conj/Erth      0%         10d2      100%        8
 Maxwell's Capacitive Co  Air            0%         ∞         100%        8
 Chain Lightning          Conj/Air       0%         2d1       100%        9
 Fire Storm               Conj/Fire      0%         6d1       100%        9
 Shatter                  Erth           0%         3d5*      100%        9
 Animate Dead             Necr           Unusable   N/A       N/A         4

Dungeon Overview and Level Annotations

Branches:
Dungeon (15/15) Zot: 25271  Temple (0/1) D:5            Lair (5/5) D:9 Zot: 24828
  Swamp (4/4) Lair:3 Zot: 20073  Spider (4/4) Lair:2 Zot: 20945   Slime (0/5) Lair:5
    Orc (2/2) D:12 Zot: 10515     Elf (0/3) Orc:2        Vaults (3/5) D:14 Zot: 13039
  Crypt (0/3) Vaults:3     Depths (0/4) D:15          Sewer (visited)

Altars:
Gozag
Ru
Uskayaw
Vehumet
Yredelemnul
Beogh
Jiyva
Lugonu

Shops:
D:3 *   D:9 ?   D:10 [   D:14 ::*[   D:15 ?   Orc:1 **(   Orc:2 (!=(
Vaults:2 [

Portals:
Abyss: Lair:5

Annotations:
D:6 3 runed translucent doors, spaghetti's ghost, novice OnGl
D:8 4 runed translucent doors
D:9 need wand of digging
D:12 1 runed translucent door


Innate Abilities, Weirdness & Mutations

Your spellcasting is much less encumbered by armour.
You can use scrolls of enchantment on lesser artefacts.


Message History

The starspawn tentacle closely misses you.
You take 11 damage, and have 23/179 hp.
You crush the tentacled starspawn like a grape!!!
You destroy the tentacled starspawn!
The starspawn's tentacles wither and die.
You block the ice devil's attack. The reaper completely misses you.
Your Translocations skill increases to level 10!
Okay, then.
You barely miss the ice devil.
The ice devil is lightly wounded.
The ice devil closely misses you.
The reaper hits you from afar with a +4 scythe of freezing!
* * * LOW HITPOINT WARNING * * *
The reaper freezes you.
* * * LOW HITPOINT WARNING * * *
You take 19 damage, and have 4/179 hp.
Read: 5 scrolls of fear
Press: ? - help, Q - select action, (/) - cycle Dir - look around, f - activate Look: an ice devil (lightly wounded, bound in place, umbra, chance to affect: 64%)
As you read the scroll of fear, it crumbles to dust.
You assume a fearsome visage.
The large abomination is unaffected.
The ice devil looks frightened!
The lich is unaffected.
The reaper resists with almost no effort.
The pearl dragon resists with almost no effort.
Your attack snaps the ice devil out of its fear.
The ice devil closely misses you.
A chaos spawn comes into view.
The reaper hits you but does no damage.
As you read the scroll of fog, it dissolves into smoke.
The ice devil misses you. You block the reaper's attack.
A raiju comes into view.
As you read the scroll of teleportation, it crumbles to dust.
You feel strangely unstable.
You feel the power of the Abyss delaying your translocation!
The raiju barks!
You block the ice devil's attack.
The reaper hits you from afar with a +4 scythe of freezing!!
You die...
Your body rises from the dead as a mindless zombie.

.#h#... #...
...#...####....
.......#.....# .
.§..........## ..
.§.....#.....#...
##......§.§#X4...
≈~.....§4§§......
~ ..<#§@§.#.. .
#...§§§§§..#
~....##2#####
≈~...ZZLD. #
≈#........#
#≈#......#.....
.≈≈≈##....... ..
.#~≈ ##..#. .#.
.. ##.V..# .


You could see a reaper (bound), an ice devil (bound), a raiju and a chaos spawn.

Vanquished Creatures
  A dread lich (Vaults:1)
  Arachne (Spider:3)
  6 sphinxes
  2 tentacled starspawn (Abyss:4)
  A thorn hunter (Swamp:2)
  A fenstrider witch (Swamp:1)
  A deep elf sorcerer (Vaults:1)
  2 vault wardens (Vaults:3)
  5 emperor scorpions
  2 ghost moths
  6 ironbound preservers
  A formless jellyfish (Vaults:3)
  4 ironbound thunderhulks
  A deep elf death mage (Vaults:1)
  2 deep elf annihilators (Vaults:1)
  4 eleionomae
  A bunyip (Swamp:2)
  6 dire elephants
  A spark wasp (Spider:4)
  2 war gargoyles (Vaults:2)
  An ettin (Orc:1)
  A fire dragon (D:15)
  5 entropy weavers
  6 yaktaur captains
  5 great orbs of eyes
  A rakshasa (D:15)
  An ice dragon (D:14)
  Erolcha (Orc:2)
  2 peacekeepers (Vaults:2)
  A vault guard (Vaults:3)
  9 hydras
  2 alligators (Swamp:4)
  3 ogre magi
  Erica (D:8)
  2 catoblepae
  A radroach (Spider:4)
  5 ironbound frosthearts
  9 boulder beetles
  2 death knights (Vaults:3)
  A dancing weapon (D:14)
  19 centaur warriors
  5 death yaks (Lair:3)
  A two-headed ogre (Orc:1)
  3 thrashing horrors (Lair:5)
  4 orc high priests (Orc:2)
  A spriggan berserker (Swamp:2)
  A tengu warrior (D:15)
  2 demonic crawlers
  Sonja (Orc:2)
  Nergalle (Lair:1)
  3 pharaoh ants
  3 skysharks
  2 glowing orange brains
  A sea snake (shapeshifter) (D:15)
  2 shadow wraiths
  4 spriggan riders
  A spriggan druid (Swamp:3)
  6 goliath frogs
  An arcanist (Vaults:1)
  8 swamp dragons
  17 deep trolls
  4 orb spiders
  A phantasmal warrior (Vaults:1)
  10 steelbarb worms
  A harpy (shapeshifter) (Lair:5)
  7 lindwurms
  4 bog bodies
  2 steelbarb worms (shapeshifter)
  2 harpies (Vaults:1)
  2 large abominations
  3 orc knights
  4 ironbound convokers
  4 necromancers
  A wolf spider (Spider:2)
  13 ugly things
  2 deep elf pyromancers
  A manticore (D:12)
  2 will-o-the-wisps (Swamp:2)
  5 cyclopes
  3 meliai (Spider:4)
  4 elephants
  A frost giant skeleton (Vaults:2)
  A black mamba (Lair:3)
  10 vault sentinels
  A torpor snail (shapeshifter) (D:15)
  3 gargoyles
  5 torpor snails
  4 cane toads
  An unseen horror (shapeshifter) (D:15)
  2 rime drakes (Lair:5)
  A kobold demonologist (D:9)
  7 yaktaurs
  A yaktaur zombie (Vaults:2)
  11 komodo dragons
  2 ancient zymes (Abyss:4)
  A troll (shapeshifter) (D:15)
  A wolf spider simulacrum (Lair:2)
  2 trolls
  3 tyrant leeches
  Prince Ribbit (D:8)
  A polar bear (Lair:3)
  11 tarantellas
  A hornet (Swamp:3)
  A bloated husk (Swamp:1)
  A raiju (shapeshifter) (D:15)
  4 raiju
  10 blink frogs
  3 dream sheep (Lair:5)
  13 jumping spiders
  7 slime creatures
  A spriggan (Swamp:3)
  A centaur simulacrum (D:14)
  A spriggan (shapeshifter) (D:15)
  7 culicivoras
  An ettin skeleton (Vaults:2)
  A shadow (D:10)
  A wyvern (shapeshifter) (D:15)
  3 ynoxinuls
  A dire elephant simulacrum (Lair:2)
  4 wraiths
  4 wyverns
  7 basilisks
  39 yaks
  A golden eye (shapeshifter) (D:13)
  41 redbacks
  3 steam dragons
  11 vampire mosquitoes
  2 chaos spawn (Lair:5)
  6 small abominations (Lair:5)
  2 acid dragons
  8 swamp worms
  12 water moccasins
  6 swamp drakes
  32 orc warriors
  An ice beast (D:8)
  An ogre (Orc:2)
  6 centaurs
  A wolf (Lair:3)
  2 phantoms
  A brain worm (Sewer)
  5 bullfrogs
  A gnoll sergeant (D:10)
  3 scorpions
  8 wights
  A killer bee (D:8)
  A howler monkey (D:8)
  15 orc priests
  A bombardier beetle (D:4)
  3 gnoll boudas
  4 hounds
  A jelly (D:8)
  3 iguanas
  2 sleepcaps (D:4)
  9 orc wizards
  11 gnolls
  A river rat (Sewer)
  5 adders
  A white imp (D:5)
  3 dart slugs
  60 orcs
  10 bats
  5 endoplasms
  9 giant cockroaches
  4 goblins
  3 hobgoblins (D:2)
  2 jackals
  5 kobolds
  A quokka (D:2)
  11 ball pythons
  A frilled lizard (D:1)
  3 rats
  A starspawn tentacle (Abyss:4)
780 creatures vanquished.

Vanquished Creatures (collateral kills)
  A tentacled monstrosity (Swamp:4)
  Gastronok (D:8)
  Agnes (Spider:2)
  A storm dragon (D:15)
  A ghost moth (Spider:2)
  An emperor scorpion (Spider:4)
  2 vault wardens
  2 formless jellyfish (Vaults:1)
  An orc warlord (Vaults:3)
  An ironbound thunderhulk (Vaults:2)
  A ghoul (Swamp:2)
  A broodmother (Spider:1)
  2 eleionomae
  A war gargoyle (Vaults:2)
  A dire elephant (Vaults:2)
  3 bunyips (Swamp:1)
  An ettin (D:14)
  5 entropy weavers
  10 hydras
  A catoblepas (Lair:5)
  6 ghost crabs
  An ironbound frostheart (Vaults:3)
  2 vault guards
  5 alligators
  2 jorogumos
  5 boulder beetles
  An orc high priest (Orc:2)
  A death scarab (Spider:2)
  A death yak (Lair:3)
  A thrashing horror (Lair:5)
  3 skysharks
  7 pharaoh ants
  5 deep trolls
  6 orb spiders
  A spriggan druid (Swamp:3)
  A goliath frog (Swamp:3)
  A mana viper (shapeshifter) (D:15)
  A flayed ghost (D:15)
  3 swamp dragons (Swamp:4)
  3 arcanists
  2 ironbound convokers (Vaults:2)
  7 orc knights
  2 steelbarb worms
  10 bog bodies
  A large abomination (Lair:5)
  An obsidian bat (Orc:2)
  A harpy (Vaults:1)
  A deep elf zephyrmancer (D:14)
  A deep elf pyromancer (D:15)
  A lindwurm (Vaults:2)
  2 harpies (shapeshifter)
  4 cyclopes
  3 wolf spiders
  7 ugly things
  4 will-o-the-wisps
  A moth of wrath (Spider:2)
  9 elephants
  A meliai (Spider:4)
  2 vault sentinels
  2 black mambas (shapeshifter)
  3 black mambas
  A smoke demon (Lair:5)
  4 torpor snails
  An unseen horror (D:12)
  2 kobold demonologists (D:9)
  6 cane toads
  A komodo dragon (Lair:1)
  A rime drake (Lair:5)
  4 yaktaurs
  2 efreet (D:15)
  An anaconda simulacrum (Lair:2)
  A troll (D:8)
  3 hornets
  4 tyrant leeches
  Grinder (D:6)
  16 jumping spiders
  8 tarantellas
  4 dream sheep (Lair:5)
  A raiju (Lair:5)
  10 blink frogs
  A raiju (shapeshifter) (D:15)
  3 slime creatures
  4 spriggans
  A centaur simulacrum (D:14)
  4 culicivoras
  4 wyverns
  A yak (shapeshifter) (D:14)
  15 yaks
  4 basilisks
  8 vampire mosquitoes
  30 redbacks
  12 swamp worms
  2 acid dragons
  6 water moccasins
  A sky beast (D:7)
  10 orc warriors
  7 swamp drakes (Swamp:4)
  A boggart (Vaults:1)
  2 ogres
  4 small abominations (Lair:5)
  6 centaurs
  5 wolves (Lair:3)
  3 kobold brigands
  7 bullfrogs
  A gnoll sergeant (D:10)
  A scorpion (D:4)
  A cane toad simulacrum (Lair:2)
  3 wights
  A bombardier beetle (D:3)
  15 orc priests
  A hound (D:5)
  A jelly (D:6)
  An iguana (D:6)
  6 orc wizards
  A yak simulacrum (Lair:2)
  4 gnolls
  An adder (D:6)
  2 river rats
  2 ufetubi (D:6)
  A ribbon worm (Sewer)
  37 orcs
  3 endoplasms
  2 giant cockroaches
  A jackal (D:4)
  2 quokkas (Sewer)
  4 ball pythons
  4 frilled lizards
  6 kobolds
  A rat (D:4)
473 creatures vanquished.

Vanquished Creatures (others)
  A spectral hydra (Spider:2)
  A fire giant (D:14)
  A spectral ogre (Vaults:3)
  A spectral broodmother (Spider:4)
  2 ghost crabs (Swamp:2)
  A sphinx zombie (Vaults:1)
  A bunyip zombie (Swamp:1)
  A wolf spider zombie (Spider:4)
  A goliath frog zombie (Swamp:1)
  An alligator zombie (Swamp:2)
  4 ugly thing zombies
  A fire giant zombie (D:14)
  4 eleionoma zombies
  A will-o-the-wisp (Swamp:2)
  A dire elephant zombie (Vaults:1)
  A spectral orc (Swamp:1)
  An unseen horror zombie (D:12)
  6 swamp worm zombies
  3 orb spider zombies
  A yaktaur zombie (Vaults:3)
  17 human zombies
  4 steelbarb worm zombies
  16 redback zombies
  5 hydra zombies
  2 harpy zombies
  A demonic crawler zombie (Spider:1)
  6 bloated husks
  A fire dragon zombie (D:15)
  4 jumping spider zombies
  2 culicivora zombies
  3 tarantella zombies
  A moth of wrath zombie (Spider:2)
  A black mamba zombie (Lair:3)
  A tyrant leech zombie (Swamp:1)
  3 spriggan zombies
  A redback (Spider:2)
  5 deep troll zombies
  A glowing shapeshifter zombie (Vaults:2)
  An entropy weaver zombie (Spider:4)
  A spectral efreet (D:15)
  2 lindwurm zombies (Vaults:2)
  2 dream sheep zombies (Lair:5)
  4 blink frog zombies
  2 elf zombies
  6 swamp dragon zombies
  A hornet zombie (Swamp:2)
  A boggart (Vaults:1)
  2 elephant zombies
  A rime drake zombie (Lair:5)
  A torpor snail zombie (D:15)
  A spectral ynoxinul (Abyss:4)
  2 spectral chaos spawn (Lair:5)
  A komodo dragon zombie (Lair:2)
  A cyclops zombie (D:14)
  A wyvern zombie (D:15)
  A wight (D:10)
  2 water moccasin zombies (Lair:5)
  A troll zombie (Orc:2)
  2 raiju zombies (Abyss:4)
  9 yak zombies
  5 bullfrog zombies
  6 centaur zombies
  A basilisk zombie (Lair:2)
  A boggart zombie (Vaults:1)
  An orc wizard (Orc:2)
  5 ogre zombies
  3 kobold zombies
  A hound zombie (D:4)
  A howler monkey zombie (D:8)
  A steam dragon zombie (D:8)
  3 swamp drake zombies (Swamp:4)
  2 bat zombies
  2 ball python zombies (Sewer)
  An endoplasm zombie (D:4)
  A giant cockroach zombie (D:4)
  54 orc zombies
  A rat zombie (D:4)
  A spectral ufetubus (D:6)
  23 foxfires
  6 starspawn tentacles (Abyss:4)
272 creatures vanquished.

Grand Total: 1525 creatures vanquished

Notes
Turn   | Place    | Note
-------+----------+-------------------------------------------
     0 | D:1      | hattop the Mountain Dwarf Gladiator began the quest for the
                  | Orb.
     0 | D:1      | Reached XP level 1. HP: 17/17 MP: 1/1
   190 | D:1      | Reached XP level 2. HP: 24/24 MP: 2/2
   929 | D:2      | Found a faded altar of an unknown god.
   997 | D:2      | Prayed at the altar of an unknown god.
   997 | D:2      | Became a worshipper of Yredelemnul the Fallen
   997 | D:2      | Reached * piety under Yredelemnul
  1041 | D:2      | Reached skill level 5 in Axes
  1448 | D:2      | Reached XP level 3. HP: 29/29 MP: 3/3
  1797 | D:3      | Reached XP level 4. HP: 36/36 MP: 5/5
  2113 | D:3      | Found Fergheaz's Assorted Antiques.
  2397 | D:4      | Found a glowing drain.
  2400 | Sewer    | Entered a sewer
  2406 | Sewer    | Reached XP level 5. HP: 41/41 MP: 8/8
  2439 | Sewer    | Reached ** piety under Yredelemnul
  2642 | Sewer    | Reached skill level 5 in Invocations
  2927 | D:4      | Reached XP level 6. HP: 38/51 MP: 10/10
  3437 | D:4      | Reached skill level 5 in Fighting
  3494 | D:4      | Reached skill level 1 in Armour
  3494 | D:4      | Reached XP level 7. HP: 50/61 MP: 11/11
  3953 | D:5      | Entered Level 5 of the Dungeon
  4006 | D:5      | Found a sacrificial altar of Ru.
  4009 | D:5      | Found an opulent altar of Gozag.
  4421 | D:5      | Found a staircase to the Ecumenical Temple.
  4711 | D:6      | Identified the +4 ring mail "Ususmumi" {^Drain Regen+
                  | Dex+5}
  4751 | D:6      | Found a runed translucent gate.
  4752 | D:6      | Found a runed translucent gate.
  4760 | D:6      | Noticed spaghetti's ghost (novice OnGl)
  4762 | D:6      | Reached XP level 8. HP: 63/68 MP: 12/12
  4763 | D:6      | Noticed a slime creature
  4782 | D:6      | Found a runed translucent gate.
  4866 | D:6      | Reached skill level 5 in Armour
  5216 | D:6      | Noticed Grinder
  5223 | D:6      | Killed Grinder
  5224 | D:6      | Reached skill level 5 in Dodging
  5348 | D:7      | Reached *** piety under Yredelemnul
  5422 | D:7      | Reached XP level 9. HP: 65/74 MP: 13/13
  5428 | D:7      | Identified the +0 ring mail of Wepatev {rElec Will+}
  5927 | D:8      | Found a large runed translucent door.
  5927 | D:8      | Found a large runed translucent door.
  5947 | D:8      | Noticed Gastronok
  5959 | D:8      | Killed Gastronok
  5962 | D:8      | Reached XP level 10. HP: 48/90 MP: 16/16
  6006 | D:8      | Noticed a boulder beetle
  6016 | D:8      | Killed a boulder beetle
  6017 | D:8      | Reached skill level 10 in Fighting
  6164 | D:8      | Noticed Erica
  6179 | D:8      | Killed Erica
  6180 | D:8      | Reached skill level 10 in Axes
  6226 | D:8      | Noticed Prince Ribbit
  6237 | D:8      | Noticed a centaur warrior
  6248 | D:8      | Killed Prince Ribbit
  6301 | D:8      | Found a large runed translucent door.
  6301 | D:8      | Found a large runed translucent door.
  6487 | D:8      | Noticed a catoblepas
  6501 | D:8      | Killed a catoblepas
  6567 | D:8      | Identified the +8 flail "Luufall" {elec, Str+3}
  6683 | D:9      | Noticed a soul eater
  6731 | D:9      | Noticed a cyclops
  6736 | D:9      | Killed a cyclops
  6737 | D:9      | Reached skill level 5 in Maces & Flails
  6737 | D:9      | Reached XP level 11. HP: 95/99 MP: 12/17
  6888 | D:9      | Reached **** piety under Yredelemnul
  6894 | D:9      | Found a staircase to the Lair.
  7002 | D:9      | Identified the ring "Seobrig" {Str+3 Int+2 Dex+2 SInv}
  7108 | D:9      | Learned a level 3 spell: Maxwell's Portable Piledriver
  7153 | D:9      | Found Veukut's Magic Scroll Shop.
  7158 | D:9      | Bought a scroll of identify for 24 gold pieces
  7158 | D:9      | Bought a scroll of revelation for 90 gold pieces
  7184 | D:9      | Bought a scroll of blinking for 90 gold pieces
  7184 | D:9      | Bought a scroll of fear for 48 gold pieces
  7184 | D:9      | Bought a scroll of teleportation for 36 gold pieces
  7184 | D:9      | Bought a scroll of teleportation for 36 gold pieces
  7184 | D:9      | Bought a scroll of fear for 48 gold pieces
  7351 | D:10     | Entered Level 10 of the Dungeon
  7390 | D:10     | Identified the amulet "Wek Soyn" {Acrobat Harm rC- Int+2
                  | Dex+3}
  7408 | D:10     | Reached skill level 1 in Translocations
  7528 | D:10     | Found Hilug's Armour Shop.
  7684 | D:10     | Noticed a centaur warrior
  7689 | D:10     | Killed a centaur warrior
  7752 | D:10     | Reached ***** piety under Yredelemnul
  8058 | D:11     | Reached skill level 5 in Throwing
  8232 | D:11     | Reached skill level 5 in Translocations
  8289 | D:11     | Found a flickering gateway to a bazaar.
  8298 | Bazaar   | Entered a bazaar
  8298 | Bazaar   | Found Ihau's Antique Weapon Emporium.
  8313 | Bazaar   | Found Jugucir's Antique Armour Shop.
  8319 | Bazaar   | Found Rotol's General Store.
  8350 | Bazaar   | Found Venug's Distillery.
  8357 | Bazaar   | Found Boss's Jewellery Boutique.
  8935 | Lair:1   | Entered Level 1 of the Lair of Beasts
  8968 | Lair:1   | Noticed Urug
  8977 | Lair:1   | Reached XP level 12. HP: 43/106 MP: 11/18
  8980 | Lair:1   | Killed Urug
  8980 | Lair:1   | Bound Urug
  9123 | Lair:1   | Noticed Nergalle
  9130 | Lair:1   | Killed Nergalle
  9588 | Lair:2   | Found a transporter.
  9704 | Lair:2   | Learned a level 4 spell: Passage of Golubria
  9706 | Lair:2   | Found a transporter.
  9897 | Lair:2   | Found a hole to the Spider Nest.
  9918 | Lair:2   | Noticed a boulder beetle
  9937 | Lair:2   | Killed a boulder beetle
  9988 | Lair:2   | Noticed a boulder beetle
  9997 | Lair:2   | Killed a boulder beetle
 10641 | Lair:3   | Reached XP level 13. HP: 113/113 MP: 16/19
 10801 | Lair:3   | Reached skill level 10 in Maces & Flails
 11094 | Lair:3   | Found a staircase to the Swamp.
 12373 | Lair:5   | Entered Level 5 of the Lair of Beasts
 12621 | Lair:5   | Reached ****** piety under Yredelemnul
 12622 | Lair:5   | Reached XP level 14. HP: 115/121 MP: 20/20
 12906 | Lair:5   | Found a viscous altar of Jiyva.
 12906 | Lair:5   | Found a staircase to the Slime Pits.
 13381 | Lair:5   | Reached skill level 10 in Armour
 13443 | Lair:5   | Found a corrupted altar of Lugonu.
 13443 | Lair:5   | Found a one-way gate to the infinite horrors of the Abyss.
 13580 | Lair:5   | Identified the +2 pair of boots of Nuzed {+Blink rF+ Dex-4}
 13940 | D:12     | Noticed a storm dragon
 13940 | D:12     | Found the +3 pair of gauntlets of War {Slay+5}
 13942 | D:12     | Found a runed translucent door.
 13992 | D:12     | Found a staircase to the Orcish Mines.
 14244 | D:12     | Identified a scroll of acquirement
 14244 | D:12     | Acquired the +1 helmet "Duilu" {rPois Stlth+}
 14662 | D:13     | Found an opulent altar of Gozag.
 14848 | D:13     | Reached skill level 10 in Dodging
 15309 | D:14     | Noticed a fire giant
 15312 | D:14     | Reached skill level 10 in Invocations
 15337 | D:14     | Killed a fire giant
 15338 | D:14     | Reached XP level 15. HP: 57/126 MP: 15/23
 15428 | D:14     | Found Tozopu's Book Shoppe.
 15441 | D:14     | Found Himnid's Book Boutique.
 15529 | D:14     | Found Pedghoc's General Store.
 15581 | D:14     | Found a gate to the Vaults.
 15621 | D:14     | Found Rerhasoh's Armour Shop.
 15670 | D:14     | Found a hide-covered altar of Uskayaw.
 16058 | D:15     | Entered Level 15 of the Dungeon
 16232 | D:15     | Found Fabuniuc's Magic Scroll Emporium.
 16235 | D:15     | Bought a scroll of identify for 20 gold pieces
 16344 | D:15     | Identified the +1 trident of Zecoileo {flame, *Rage rElec
                  | rF+++ Stlth-}
 16473 | D:15     | Noticed a sphinx
 16486 | D:15     | Killed a sphinx
 16514 | D:15     | Got the Compilation of Fettered Anemomancy
 16613 | D:15     | Identified the +6 scale mail "Setsifito" {rCorr Int+2}
 16830 | D:10     | Bought +2 ice dragon scales for 1008 gold pieces
 17197 | D:15     | Noticed a storm dragon
 17206 | D:15     | Killed a storm dragon
 17217 | D:15     | Found a staircase to the Depths.
 17329 | D:15     | Identified the +6 scale mail of Asar {Int+5}
 17518 | Orc:1    | Entered Level 1 of the Orcish Mines
 17576 | Orc:1    | Found Firay's Weapon Boutique.
 17628 | Orc:1    | Found a roughly hewn altar of Beogh.
 18011 | Orc:1    | Found Beokho Durr's Specific Store.
 18013 | Orc:1    | Found Viazxud's General Store.
 18080 | Orc:2    | Entered Level 2 of the Orcish Mines
 18163 | Orc:2    | Noticed Sonja
 18186 | Orc:2    | Noticed Erolcha
 18194 | Orc:2    | Killed Erolcha
 18200 | Orc:2    | Killed Sonja
 18271 | Orc:2    | Your ally Erolcha died
 18273 | Orc:2    | Your ally Sonja died
 18366 | Orc:2    | Reached XP level 16. HP: 29/143 MP: 20/25
 18405 | Orc:2    | Reached skill level 15 in Maces & Flails
 18477 | Orc:2    | Found Plog's Distillery.
 18480 | Orc:2    | Found Dyiggoe's Jewellery Boutique.
 18481 | Orc:2    | Found Oreaw's Weapon Shop.
 18482 | Orc:2    | Found Jagraked's Antique Weapon Shop.
 18625 | Orc:2    | Found a roughly hewn altar of Beogh.
 18714 | Orc:2    | Found a staircase to the Elven Halls.
 18861 | Orc:2    | Bought a potion of berserk rage for 80 gold pieces
 19117 | Swamp:1  | Entered Level 1 of the Swamp
 19408 | Swamp:1  | Your ally Urug died
 20964 | Swamp:2  | Reached skill level 15 in Fighting
 21107 | Swamp:2  | Noticed a thorn hunter
 21120 | Swamp:2  | Killed a thorn hunter
 21176 | Swamp:2  | Got the Parchment of Shadows
 21420 | Swamp:3  | Identified the +8 broad axe "Zyerhios" {drain, rPois rF-
                  | MP-9 Dex+7}
 21767 | Swamp:4  | Entered Level 4 of the Swamp
 21908 | Swamp:4  | Reached XP level 17. HP: 87/158 MP: 20/26
 22040 | Swamp:4  | Noticed the 27-headed Lernaean hydra
 22048 | Swamp:4  | Killed the 27-headed Lernaean hydra
 22048 | Swamp:4  | Bound the 27-headed Lernaean hydra
 22121 | Swamp:4  | Got a decaying rune of Zot
 22281 | Swamp:4  | Noticed a tentacled monstrosity
 22285 | Swamp:4  | Killed a tentacled monstrosity
 22826 | Spider:1 | Entered Level 1 of the Spider Nest
 23015 | Spider:1 | Acquired the +0 helmet of the Ego {rF+ rN+ Str+3}
 23567 | Spider:2 | Noticed Agnes
 23570 | Spider:2 | Killed Agnes
 23578 | Spider:2 | Your ally Agnes died
 23591 | Spider:2 | Your ally bound 27-headed Lernaean hydra died
 23906 | Spider:2 | Identified the +2 orcbow of Ash {heavy, rElec Str+3}
 24701 | Spider:3 | Noticed Arachne
 24720 | Spider:3 | Killed Arachne
 24721 | Spider:3 | Reached XP level 18. HP: 162/170 MP: 26/28
 24892 | Spider:4 | Entered Level 4 of the Spider Nest
 25267 | Spider:4 | Reached skill level 15 in Invocations
 25609 | Spider:4 | Got a gossamer rune of Zot
 25638 | Spider:4 | Identified the -1 hat of Inference {Harm rC++ Slay+2}
 25998 | Vaults:1 | Entered Level 1 of the Vaults
 26753 | Vaults:1 | Found a transporter.
 26754 | Vaults:1 | Found a radiant altar of Vehumet.
 27019 | Vaults:1 | Paralysed by a sphinx for 3 turns
 27236 | Vaults:1 | Noticed a dread lich
 27393 | Vaults:1 | Noticed a Hell Sentinel
 27425 | Vaults:1 | Killed a dread lich
 27426 | Vaults:1 | Reached XP level 19. HP: 19/179 MP: 12/31
 27825 | Vaults:1 | Found a transporter.
 27842 | Vaults:1 | Learned a level 3 spell: Vampiric Draining
 27924 | Vaults:2 | Reached skill level 1 in Necromancy
 28233 | Vaults:2 | Reached skill level 10 in Throwing
 28596 | Vaults:2 | Found Xaasy's Antique Armour Emporium.
 28812 | Vaults:2 | Reached skill level 5 in Necromancy
 29836 | Vaults:3 | Learned a level 3 spell: Fugue of the Fallen
 29868 | Vaults:3 | Identified the +1 robe "Vami" {Regen+ Slay+2}
 29925 | Vaults:3 | Reached skill level 1 in Spellcasting
 30235 | Vaults:3 | Learned a level 7 spell: Manifold Assault
 30347 | Vaults:3 | Paralysed by a formless jellyfish for 1 turns
 30755 | Vaults:3 | Found a staircase to the Crypt.
 30938 | Abyss:4  | Cast into level 4 of the Abyss (ironbound thunderhulk)
 31126 | Abyss:4  | Noticed a pearl dragon
 31148 | Abyss:4  | Reached skill level 10 in Translocations
 31148 | Abyss:4  | HP: 6/179 [reaper/+4 scythe of freezing (17)]
 31151 | Abyss:4  | Demolished by a reaper

Illustrated notes

Levels and vault maps discovered:
D:1:      dpeg_arrival_boxes_within_box, layout_loops_ring, minmay_crystal_room
D:2:      layout_basic, hellmonk_ecumenical_altar_prayer_group
D:3:      layout_rooms, serial_shops, nicolae_lakefront_shop,
          minmay_stone_trees_small
D:4:      layout_cave_pods, mainiacjoe_sewer_entry_somewhere_in_here_1,
          hangedman_abyss_or_decor_stagger, minivault_26, minmay_pentangle
D:5:      layout_gridville, nicolae_overflow_squiral, minmay_temple_entry_trees
D:6:      layout_basic, gammafunk_ghost_split, uniq_grinder
D:7:      layout_basic, dreamdust_gnoll_shepherd
D:8:      layout_basic, minmay_hollow_rounded_squares, uniq_prince_ribbit1,
          uniq_gastronok, uniq_erica
D:9:      layout_rooms, minmay_lair_entry_grove, serial_shops,
          nicolae_shop_rolled_up, serial_glass, glass_columns_c,
          glass_columns_b, due_unseen_surprise, nicolae_elevator_lobby_plus
D:10:     layout_roguey [special_room_orc], serial_shops, shop,
          minmay_checkerbox
D:11:     layout_long_grid, serial_shops, bzr_entry_dummy
D:12:     layout_stronghold, orc_0_dummy, minmay_st_funbox
D:13:     layout_roguey, small_statue_alley_a, grunt_gozag_statues
D:14:     minmay_bad_star, layout_gridville, erik_vaults_1, serial_shops,
          nicolae_shop_tiny_statue_garden, nicolae_shop_stone, shop, shop,
          eat_drink_and_be_merry_uskayaw
D:15:     vault_1, layout_basic, serial_shops, nicolae_shop_real_fake_doors,
          minivault_24
Lair:1:   layout_hall_layers, beast_lair_carwin_9, grunt_megastairs_5,
          uniq_nergalle, uniq_urug
Lair:2:   gammafunk_cloud_chamber, layout_misc_corridors,
          spider_nest_entry_rubble, nzn_sisyphean_effort
Lair:3:   layout_cave_pods, palyth_hydra_swamp_entry
Lair:4:   layout_gridlike, serial_bayou_shore_a, infiniplex_staircase_pool
Lair:5:   hellmonk_lair_end_abyssal_woods, layout_layer_cave, slime_entry_1
Swamp:1:  layout_basic_swamp, nicolae_swamp_reclaimed_castle
Swamp:2:  bobbens_index_wilting_gardens, layout_basic_swamp,
          hangedman_swamp_diagram, swamp_pool_1_2
Swamp:3:  layout_basic_swamp, evilmike_swamp_ruin_house_4,
          nicolae_swamp_orc_logging_accident
Swamp:4:  grunt_swamp_rune_castle, layout_basic_swamp,
          nicolae_swamp_dragon_and_kin
Spider:1: layout_spider_delve, nicolae_spider_twisty_arc_passages
Spider:2: nicolae_spider_mines_1, uniq_agnes
Spider:3: layout_spider_delve, nicolae_spider_circle_web, uniq_arachne
Spider:4: hellmonk_spider_rune_bug_friends, nicolae_spider_claw_tunnel
Orc:1:    layout_diamond_mine, serial_shops, shop, nicolae_orc_beogh_chapel,
          nicolae_specific_store
Orc:2:    st_orc_pillars, layout_diamond_mine, basic_altar, uniq_erolcha,
          uniq_sonja
Vaults:1: vaults_dpeg_hooks, vaults_room_octagon, gammafunk_sealed_library,
          v_pattern_3, ontoclasm_vaults_tryst, v_misc_1, vaults_mumra_hexcomb,
          nicolae_vaults_variable_pillar_hall, nicolae_vaults_rhombus_5,
          nicolae_vaults_closet_pinwheel_3, ontoclasm_vaults_claustrophobia,
          vaults_dpeg_cross, layout_vaults_maze
Vaults:2: nicolae_vaults_what_the_h, ontoclasm_vaults_pinch,
          hangedman_vaults_variations, nicolae_vaults_circle_grid_b,
          v_alt_pattern_2, hangedman_vaults_capsules, ontoclasm_vaults_chip,
          nicolae_vaults_network_s, vaults_room_grid, nicolae_vaults_theta,
          nicolae_vaults_prndl, nicolae_vaults_tetromino_Z_1,
          layout_vaults_ring, serial_shops, nicolae_shop_peninsula
Vaults:3: serial_library_hellmonk_open_square, nicolae_vaults_weapon_check,
          blue_anna_dwarven_crypt, v_misc_12, vaults_room_fancy_cross,
          nicolae_vaults_little_squares_4,
          nicolae_vaults_variable_pillar_hall_cross,
          hangedman_vaults_river_flow, nicolae_vaults_yaktaur_gun_rack,
          hangedman_vaults_trim, vaults_room_corners, layout_vaults_omnicross,
          uniq_asterion
Abyss:4:  base: D:14, base: Spider:1, hangedman_cross_veins,
          hangedman_steaming_rock, evilmike_abyss_exit_9,
          dshaligram_kb_abyss_rune_zappy_water_cross

Skill      XL: |  1  2  3  4  5  6  7  8  9 10 11 12 13 14 15 16 17 18 19 |
---------------+----------------------------------------------------------+-----
Axes           | 4 5 8 9 11 | 11.9
Invocations    | 2 4 5 9 11 12 14 16 | 16.0
Fighting       | 3 5 8 10 13 15 17 18 | 18.2
Armour         | 1 4 5 8 10 12 13 | 13.5
Dodging        | 3 5 6 10 | 10.0
Maces & Flails | 5 6 8 11 14 17 18 | 18.7
Throwing       | 5 7 9 12 | 12.0
Translocations | 5 9 10 | 10.0
Necromancy     | 9 |  9.0
Spellcasting   | 2 |  2.5

Action                     |  1- 3 |  4- 6 |  7- 9 | 10-12 | 13-15 | 16-18 | 19-21 || total
---------------------------+-------+-------+-------+-------+-------+-------+-------++-------
  Melee: War axe           |    71 |   146 |   166 |    61 |       |       |       ||   444
         Flail             |       |       |       |   363 |   147 |       |       ||   510
         Great mace        |       |       |       |       |   491 |   688 |   280 ||  1459
 Invoke: Light the Black T |     2 |     2 |     4 |     6 |     8 |     9 |     2 ||    33
         Hurl Torchlight   |       |       |     2 |     5 |     3 |     9 |     6 ||    25
         Bind Soul         |       |       |       |     1 |       |     2 |     1 ||     4
         Recall Undead Har |       |       |       |     3 |     5 |     8 |     2 ||    18
         Fathomless Shackl |       |       |       |       |     1 |     4 |     1 ||     6
  Evoke: Lightning rod     |       |       |       |       |       |     5 |     1 ||     6
         Wand              |       |       |       |       |       |     4 |       ||     4
    Use: Scroll            |       |    10 |     5 |    13 |     6 |    13 |     5 ||    52
         Potion            |       |       |       |     5 |     5 |    10 |       ||    20
   Stab: Distracted        |     2 |     2 |     4 |     5 |    11 |    20 |     6 ||    50
         Petrified         |       |       |       |     1 |       |       |       ||     1
         Sleeping          |       |       |       |       |     9 |       |       ||     9
 Armour: Leather armour    |    32 |       |       |       |       |       |       ||    32
         Scale mail        |    24 |   113 |    32 |       |       |       |       ||   169
         Ring mail         |       |       |    39 |   210 |   362 |       |       ||   611
         Ice dragon scales |       |       |       |       |   139 |  1016 |   270 ||  1425
  Dodge: Dodged            |    68 |   102 |   114 |   383 |  1009 |  1185 |   237 ||  3098
  Block: Other             |       |     1 |    27 |    11 |       |    30 |    36 ||   105
         Reflection        |       |       |       |       |       |     2 |     2 ||     4

Table legend: (Time is in decaauts)
 A = Elapsed time spent in this place.
 B = Non-inter-level travel time spent in this place.
 C = Inter-level travel time spent in this place.
 D = Time resting spent in this place.
 E = Time spent auto-exploring this place.
 F = Levels seen in this place.
 G = Mean time per level.
                   A        B        C        D        E       F      G
               +--------+--------+--------+--------+--------+-----+--------+
         Total |  31985 |  29600 |   2385 |    505 |  22594 |  36 |  888.5 |
       Dungeon |  12383 |  11069 |   1314 |     87 |   8598 |  15 |  825.5 |
          Lair |   5171 |   4695 |    476 |      2 |   3737 |   5 | 1034.2 |
         Swamp |   3926 |   3802 |    124 |     79 |   2900 |   4 |  981.5 |
   Spider Nest |   3054 |   2890 |    164 |      0 |   2066 |   4 |  763.5 |
  Orcish Mines |   1484 |   1330 |    154 |      0 |    921 |   2 |  742.0 |
        Vaults |   4959 |   4809 |    150 |    323 |   3636 |   3 | 1653.0 |
         Abyss |    214 |    214 |      0 |     14 |    128 |   1 |  214.0 |
        Bazaar |     93 |     93 |      0 |      0 |     61 |   1 |   93.0 |
         Sewer |    696 |    696 |      0 |      0 |    546 |   1 |  696.0 |
               +--------+--------+--------+--------+--------+-----+--------+

Top non-repeatable levels by time:
Vaults:1: 1924 daAuts
Vaults:2: 1624 daAuts
  Lair:5: 1472 daAuts
Vaults:3: 1410 daAuts
 Swamp:2: 1404 daAuts
  Lair:3: 1310 daAuts
     D:4: 1205 daAuts
    D:15: 1125 daAuts
    D:14: 1115 daAuts
 Swamp:4: 1022 daAuts
  Lair:2: 911 daAuts
     D:2: 908 daAuts
Spider:4: 890 daAuts
    D:11: 886 daAuts
   Orc:2: 882 daAuts
